 Dungeon Crawl Stone Soup version 0.19.0 (webtiles) character file.

296 Softman25 the Charlatan (level 6, -7/47 HPs)
             Began as a Minotaur Artificer on Nov 16, 2016.
             Mangled by an iguana (12 damage)
             ... on level 4 of the Dungeon.
             The game lasted 00:04:10 (2539 turns).

Softman25 the Charlatan (Minotaur Artificer)        Turns: 2539, Time: 00:04:11

Health: -7/47      AC:  7    Str: 16    XL:     6   Next: 12%
Magic:  9/9        EV: 10    Int:  8    God:
Gold:   181        SH:  0    Dex: 13    Spells: 0 memorised, 5 levels left

rFire  . . .     SeeInvis .     t - +0 flail
rCold  . . .     Gourm    .     g - +0 scale mail
rNeg   . . .     Faith    .     (no shield)
rPois  .         Spirit   .     (helmet restricted)
rElec  .         Reflect  .     r - +0 cloak
rCorr  .         Harm     .     (no gloves)
MR     +....                    (no boots)
Stlth  ..........               (no amulet)
                                (no ring)
                                p - ring of protection from magic

@: no status effects
A: retaliatory headbutt, horns 2
a: no special abilities


You were on level 4 of the Dungeon.
You were very hungry.

You visited 1 branch of the dungeon, and saw 4 of its levels.

You collected 181 gold pieces.

Inventory:

Hand Weapons
 t - a +0 flail (weapon)
Armour
 g - a +0 scale mail (worn)
 r - a +0 cloak (worn)
Jewellery
 p - a ring of protection from magic (left hand)
Wands
 c - a wand of flame (2/48)
 d - a wand of enslavement (15/24)
 e - a wand of random effects (12/48)
Scrolls
 h - 6 scrolls of remove curse {@r2}
 l - 2 scrolls of magic mapping
 n - a scroll of teleportation
Potions
 a - a potion of curing {@q1}
 i - 2 potions of magic
 j - a potion of haste
 k - a potion of heal wounds
 m - a potion of flight
 o - a potion of ambrosia {unknown}
 q - 2 potions of cure mutation
Books
 b - a book of Changes

   Spells                             Type                      Level
   a - Beastly Appendage              Transmutation                1
   b - Sticks to Snakes               Transmutation                2
   c - Spider Form                    Transmutation/Poison         3
   d - Ice Form                       Ice/Transmutation            4
   e - Blade Hands                    Transmutation                5
Comestibles
 f - 2 bread rations


   Skills:
 - Level 1.2 Fighting
   Level 1.1 Short Blades
 + Level 1.9 Maces & Flails
 - Level 2.1 Dodging
 - Level 0.7 Stealth
 - Level 6.1 Evocations


You had 5 spell levels left.
You didn't know any spells.

Dungeon Overview and Level Annotations

Branches:
Dungeon (4/15)
 Temple: D:4-7

Altars:
Okawaru
Xom


Innate Abilities, Weirdness & Mutations

You reflexively headbutt those who attack you in melee.
You have a pair of horns on your head.


Message History

The iguana bites you.
You hit the iguana.
The iguana is almost dead.
The iguana closely misses you. You furiously retaliate!
You headbutt the iguana, but do no damage.
You closely miss the iguana.
The iguana is almost dead.
The iguana bites you!
* * * LOW HITPOINT WARNING * * *
The iguana closely misses you.
You are too injured to fight recklessly!
You hit the iguana but do no damage.
You headbutt the iguana, but do no damage.
The iguana is almost dead.
The iguana bites you!
* * * LOW HITPOINT WARNING * * *
You barely miss the iguana.
The iguana is almost dead.
The iguana bites you!
You die...

####'## #........####
#..<..##########.##.#
#.....'..........##.#
#.....#.#####.#####<#
##+#+##.# # #.#
.##.#.##.# #.#
.........+ ...
......##.# ..# .##.#
#@# .#.. #......l...#
.#.. ######.#.###
#.#.. #.#... #.# .##
#.# .# ..# # #.#


You could see an iguana.

Vanquished Creatures
  2 orc priests (D:3)
  2 orc wizards (D:3)
  A hound (D:3)
  5 adders
  3 worms
  A dart slug (D:3)
  2 leopard geckos
  12 orcs (D:3)
  3 giant cockroaches
  4 goblins
  8 hobgoblins
  9 jackals (D:1)
  6 kobolds
  A quokka (D:1)
  A ball python (D:2)
  9 bats
  6 frilled lizards
  10 rats
85 creatures vanquished.

Notes
Turn   | Place    | Note
-------+----------+-------------------------------------------
     0 | D:1      | Softman25 the Minotaur Artificer began the quest for the Orb.
     0 | D:1      | Reached XP level 1. HP: 16/16 MP: 1/1
    29 | D:1      | Reached skill level 3 in Evocations
    89 | D:1      | Reached XP level 2. HP: 20/23 MP: 3/3
   606 | D:1      | Reached XP level 3. HP: 24/28 MP: 4/4
   831 | D:2      | Reached skill level 4 in Evocations
   937 | D:2      | Found a shimmering altar of Xom.
  1008 | D:2      | Found an iron altar of Okawaru.
  1395 | D:2      | Reached XP level 4. HP: 17/35 MP: 6/6
  1849 | D:3      | Reached skill level 5 in Evocations
  1903 | D:3      | Reached XP level 5. HP: 33/40 MP: 6/8
  1967 | D:3      | Reached skill level 6 in Evocations
  2027 | D:3      | Reached XP level 6. HP: 21/47 MP: 9/9
  2137 | D:3      | Reached skill level 1 in Maces & Flails
  2539 | D:4      | Mangled by an iguana

Skill      XL: |  1  2  3  4  5  6 |
---------------+-------------------+-----
Evocations     | 3 4 5 6 |  6.1
Maces & Flails | 1 |  1.9
Fighting       | |  1.2
Short Blades   | |  1.1
Dodging        | |  2.1
Stealth        | |  0.7

Action                   |  1- 3 |  4- 6 || total
-------------------------+-------+-------++-------
Melee: Short sword       |   149 |    74 ||   223
       Headbutt          |    16 |    19 ||    35
       Flail             |       |    24 ||    24
Evoke: Wand              |     3 |    13 ||    16
  Use: Scroll            |       |    13 ||    13
  Eat: Bread ration      |       |     1 ||     1
Armor: Scale mail        |    74 |    45 ||   119
Dodge: Dodged            |    92 |    48 ||   140
